AoeStats
← Myper

Glade

510850535Analyzed
1v1 RM · 1d ago on Oct 2, 2026· 87m 55s· 2 players
Game mode
Random Map
Map size
Tiny (2 player)
Population
200
Speed
Normal
Resources
Standard
Victory
Conquest
Starting age
Dark Age
Ending age
Imperial Age
RankedLock teamsTeams togetherTeam positionsShared explorationLock speedFull tech treeHidden civsTurbo modeCheats
Victory
Defeat
🇳🇱 Bohemians · Netherlands
669
+16
🇸🇰 Byzantines · Slovakia
677
-16
Myper
0:26 Loom
12:06 Feudal Age
19:54 Castle Age
19:07 Double-Bit Axe
20:53 Bow Saw
20:53 Squires
21:17 Horse Collar
26:14 Wheelbarrow
26:27 Ballistics
25:55 Town Watch
26:36 Heavy Plow
27:22 Arson
29:40 Forging
30:35 Scale Mail Armor
31:25 Fortified Wall
32:50 Hand Cart
32:49 Wagenburg Tactics
33:29 Fervor
33:44 Redemption
34:50 Pikeman
36:16 Iron Casting
36:30 Town Patrol
42:09 Imperial Age
43:39 Elite Hussite Wagon
43:49 Halberdier
44:03 Sappers
46:24 Two-Man Saw
46:29 Chemistry
45:31 Murder Holes
46:31 Conscription
52:04 Houfnice
66:19 Bombard Tower
65:46 Arrowslits
82:22 Capped Ram
87:18 Blast Furnace
86:34 Chain Mail Armor
jakub.b24
10:26 Feudal Age
15:40 Double-Bit Axe
18:32 Wheelbarrow
24:59 Castle Age
22:50 Horse Collar
23:08 Fletching
23:34 Stone Mining
24:22 Forging
24:33 Gold Mining
25:06 Padded Archer Armor
26:02 Hand Cart
27:23 Bow Saw
27:25 Loom
27:42 Bodkin Arrow
27:27 Crossbowman
28:43 Heavy Plow
28:54 Scale Barding Armor
29:49 Stone Shaft Mining
31:34 Gold Shaft Mining
31:59 Iron Casting
31:26 Scale Mail Armor
32:26 Squires
31:46 Pikeman
33:46 Chain Mail Armor
34:22 Fortified Wall
34:51 Leather Archer Armor
34:58 Chain Barding Armor
39:06 Imperial Age
36:55 Guard Tower
37:39 Murder Holes
38:21 Ballistics
38:47 Thumb Ring
39:24 Husbandry
40:56 Chemistry
39:53 Light Cavalry
41:21 Hoardings
41:07 Conscription
41:48 Arbalester
42:10 Elite Skirmisher
46:35 Plate Barding Armor
46:31 Plate Mail Armor
46:37 Crop Rotation
47:34 Ring Archer Armor
49:20 Elite Cataphract
53:38 Capped Ram
53:41 Hussar
53:42 Cavalier
55:29 Siege Ram
63:45 Paladin
69:15 Bracer
69:20 Arrowslits
70:10 Keep
70:27 Treadmill Crane
74:36 Arson
Connection lost

Rejoining the realm…

Still unreachable

The connection could not be restored.

Session expired

The server has moved on; the page needs a fresh start.